AoeStats
← Digital Hazard

Black Forest

509963069Analyzed
2v2 RM · 5d ago on Sep 28, 2026· 39m 38s· 4 players
Game mode
Random Map
Map size
Medium (4 player)
Population
200
Speed
Normal
Resources
Standard
Victory
Conquest
Starting age
Dark Age
Ending age
Imperial Age
RankedLock teamsTeams togetherTeam positionsShared explorationLock speedFull tech treeHidden civsTurbo modeCheats
Victory
Defeat
🇺🇸 Saxons · United States
1134
+11
🇵🇰 Britons · Pakistan
905
+21
🇵🇹 Britons · Portugal
1048
-17
🇰🇷 Dravidians · South Korea
986
-15
Wild Nût Buster
0:28 Loom
12:01 Feudal Age
19:15 Castle Age
18:49 Double-Bit Axe
19:03 Gold Mining
19:38 Stone Mining
21:40 Bow Saw
24:04 Gold Shaft Mining
28:42 Fletching
29:19 Padded Archer Armor
32:06 Imperial Age
31:13 Bodkin Arrow
31:33 Leather Archer Armor
31:12 Horse Collar
31:28 Crossbowman
33:32 Ballistics
32:53 Treadmill Crane
32:41 Arbalester
34:32 Chemistry
35:00 Wheelbarrow
34:10 Town Watch
34:47 Bracer
35:17 Ring Archer Armor
40:18 Conscription
Kazule
1:03 Loom
11:41 Feudal Age
16:03 Castle Age
15:38 Double-Bit Axe
15:35 Horse Collar
18:13 Heavy Plow
18:26 Bow Saw
27:20 Fortified Wall
31:03 Imperial Age
29:29 Scale Mail Armor
29:39 Forging
30:51 Chain Mail Armor
31:39 Iron Casting
31:12 Capped Ram
31:16 Elite Hearth Troop
32:17 Conscription
33:16 Two-Man Saw
32:55 Crop Rotation
32:53 Siege Ram
36:15 Plate Mail Armor
38:43 Caravan
Digital Hazard
10:49 Feudal Age
12:34 Double-Bit Axe
15:06 Castle Age
14:00 Horse Collar
16:03 Heavy Plow
16:41 Bow Saw
18:48 Stone Mining
22:09 Bow Saw
23:21 Wheelbarrow
24:53 Gold Mining
28:47 Imperial Age
26:32 Fletching
28:35 Hand Cart
28:55 Bodkin Arrow
29:02 Padded Archer Armor
30:26 Gold Shaft Mining
30:55 Two-Man Saw
30:31 Conscription
30:15 Crossbowman
31:12 Arbalester
32:06 Bracer
40:21 Leather Archer Armor
Prcmt
1:27 Loom
12:37 Feudal Age
16:19 Castle Age
15:28 Double-Bit Axe
15:24 Horse Collar
18:48 Wheelbarrow
20:51 Bow Saw
20:38 Gold Mining
21:19 Stone Mining
22:51 Heavy Plow
23:22 Town Watch
23:53 Hand Cart
24:55 Town Patrol
25:46 Caravan
30:41 Imperial Age
28:55 Fletching
29:07 Padded Archer Armor
29:30 Ballistics
30:26 Thumb Ring
31:06 Bodkin Arrow
31:26 Leather Archer Armor
32:22 Chemistry
30:52 Elite Elephant Archer
32:19 Husbandry
32:29 Bracer
34:37 Two-Man Saw
34:17 Ring Archer Armor
35:07 Murder Holes
35:23 Masonry
36:54 Conscription
Connection lost

Rejoining the realm…

Still unreachable

The connection could not be restored.

Session expired

The server has moved on; the page needs a fresh start.